AoeStats
← bluesuitandtie

Arabia

510218834Analyzed
4v4 RM · 4d ago on Sep 30, 2026· 76m 31s· 8 players
Game mode
Random Map
Map size
Large (8 player)
Population
200
Speed
Normal
Resources
Standard
Victory
Conquest
Starting age
Dark Age
Ending age
Imperial Age
RankedLock teamsTeams togetherTeam positionsShared explorationLock speedFull tech treeHidden civsTurbo modeCheats
Victory
Defeat
🇨🇴 Japanese · Colombia
905
+13
🇨🇴 Burgundians · Colombia
895
+14
🇨🇴 Aztecs · Colombia
859
+15
🇨🇴 Persians · Colombia
852
+15
🇫🇷 Ethiopians · France
855
-15
🇺🇸 Franks · United States
850
-15
🇦🇷 Lithuanians · Argentina
834
-14
🇺🇸 Bohemians · United States
819
-13
IdocOhThree
0:30 Loom
10:22 Feudal Age
10:56 Double-Bit Axe
12:31 Wheelbarrow
19:26 Castle Age
18:09 Forging
18:39 Scale Barding Armor
21:46 Town Watch
27:33 Imperial Age
27:55 Cavalier
29:11 Husbandry
33:41 Ballistics
36:46 Iron Casting
37:05 Chain Barding Armor
42:54 Blast Furnace
42:29 Plate Barding Armor
44:40 Paladin
46:29 Bow Saw
46:48 Caravan
48:54 Chemistry
51:35 Fletching
55:08 Conscription
Stigma
10:50 Loom
13:22 Feudal Age
14:21 Gold Mining
14:12 Horse Collar
14:31 Double-Bit Axe
22:11 Castle Age
20:29 Stone Mining
21:00 Bloodlines
21:58 Forging
21:53 Scale Barding Armor
25:18 Heavy Plow
25:31 Bow Saw
27:23 Wheelbarrow
27:56 Pikeman
33:06 Hand Cart
35:27 Fervor
35:04 Treadmill Crane
35:20 Murder Holes
35:46 Ballistics
37:16 Fortified Wall
41:14 Imperial Age
38:49 Husbandry
41:00 Iron Casting
41:21 Ballistics
41:27 Masonry
43:41 Chemistry
45:43 Chain Barding Armor
48:04 Caravan
51:22 Town Watch
55:03 Crop Rotation
57:03 Conscription
61:07 Elite Leitis
63:01 Two-Man Saw
63:25 Plate Barding Armor
uselessplayer
8:43 Loom
11:21 Feudal Age
12:50 Double-Bit Axe
12:46 Horse Collar
18:15 Wheelbarrow
18:06 Town Watch
21:14 Castle Age
21:48 Gold Mining
21:50 Fletching
22:00 Padded Archer Armor
22:45 Bow Saw
22:37 Heavy Plow
22:10 Crossbowman
22:47 Bodkin Arrow
24:49 Ballistics
24:49 Thumb Ring
27:01 Leather Archer Armor
27:29 Stone Mining
41:31 Hand Cart
41:17 Town Patrol
45:16 Imperial Age
46:18 Bracer
47:20 Chemistry
47:36 Ring Archer Armor
47:09 Scale Mail Armor
47:20 Forging
48:38 Royal Heirs
47:58 Elite Shotel Warrior
49:00 Conscription
48:58 Forging
48:47 Arbalester
49:44 Chain Mail Armor
49:09 Halberdier
49:49 Squires
50:26 Iron Casting
51:36 Plate Mail Armor
52:08 Blast Furnace
51:16 Siege Engineers
51:21 Masonry
51:40 Arson
54:58 Coinage
54:39 Guilds
bluesuitandtie
10:50 Feudal Age
17:42 Castle Age
15:36 Double-Bit Axe
18:49 Wheelbarrow
24:28 Horse Collar
34:55 Bow Saw
38:06 Imperial Age
39:43 Hand Cart
42:14 Chemistry
43:23 Elite Hussite Wagon
46:33 Wagenburg Tactics
46:53 Ballistics
juanthestone
0:27 Loom
10:48 Feudal Age
9:17 Double-Bit Axe
19:55 Castle Age
20:24 Scale Barding Armor
20:38 Husbandry
22:42 Wheelbarrow
23:35 Cavalier
25:03 Hand Cart
25:46 Forging
27:14 Chain Barding Armor
35:44 Imperial Age
33:04 Treadmill Crane
34:24 Squires
33:44 Pikeman
35:45 Scale Mail Armor
36:21 Iron Casting
35:55 Halberdier
38:03 Chain Mail Armor
38:49 Blast Furnace
39:02 Conscription
39:55 Plate Mail Armor
49:45 Arson
51:13 Bow Saw
50:44 Horse Collar
54:37 Heavy Plow
55:38 Two-Man Saw
54:32 Gold Mining
55:16 Paladin
59:00 Crop Rotation
59:07 Gold Shaft Mining
58:23 Stone Mining
59:12 Plate Barding Armor
Redson
8:53 Loom
9:02 Loom
11:48 Feudal Age
19:37 Castle Age
20:40 Fletching
22:42 Bodkin Arrow
22:50 Padded Archer Armor
48:13 Scale Barding Armor
48:18 Forging
50:39 Double-Bit Axe
54:46 Imperial Age
52:02 Town Watch
54:41 Chain Barding Armor
54:48 Husbandry
55:00 Bloodlines
55:58 Iron Casting
55:18 Cavalier
58:11 Onager
VodkAlejo
8:59 Loom
11:22 Feudal Age
11:47 Double-Bit Axe
20:49 Castle Age
19:14 Horse Collar
20:39 Gold Mining
21:21 Heavy Plow
21:35 Bow Saw
20:56 Light Cavalry
24:28 Bloodlines
24:31 Scale Barding Armor
24:58 Pikeman
26:35 Squires
26:38 Scale Mail Armor
28:06 Gold Shaft Mining
28:49 Wheelbarrow
29:46 Hand Cart
29:19 Town Watch
31:29 Fletching
33:32 Bodkin Arrow
36:42 Imperial Age
36:29 Capped Ram
37:02 Halberdier
39:02 Crop Rotation
39:28 Chain Mail Armor
39:24 Forging
40:41 Plate Mail Armor
40:04 Siege Ram
43:58 Iron Casting
43:29 Town Patrol
44:18 Cavalier
46:14 Blast Furnace
45:16 Padded Archer Armor
45:41 Husbandry
46:39 Chain Barding Armor
45:53 Savar
48:57 Two-Man Saw
50:54 Plate Barding Armor
52:36 Hussar
56:21 Leather Archer Armor
Valterito
4:00 Loom
12:32 Feudal Age
13:01 Double-Bit Axe
21:11 Castle Age
19:48 Gold Mining
19:56 Arson
21:34 Eagle Warrior
22:17 Squires
22:35 Bow Saw
23:16 Scale Mail Armor
24:55 Forging
26:01 Gambesons
28:00 Wheelbarrow
32:07 Pikeman
34:28 Hand Cart
35:07 Chain Mail Armor
34:39 Horse Collar
40:13 Imperial Age
37:13 Man-at-Arms
39:14 Elite Skirmisher
40:33 Elite Eagle Warrior
41:59 Heavy Plow
43:05 Plate Mail Armor
42:43 Fletching
43:18 Ballistics
44:56 Conscription
45:52 Iron Casting
47:50 Blast Furnace
47:34 Elite Jaguar Warrior
50:19 Gold Shaft Mining
Connection lost

Rejoining the realm…

Still unreachable

The connection could not be restored.

Session expired

The server has moved on; the page needs a fresh start.